 Seeded DCSS version 0.30-a0-329-g85436e0a43 (webtiles) character file.

Game seed: 9700494114414739991 (custom seed)

109139 valliere the Tortoise (level 15, -12/126 HPs)
             Began as a Demigod Transmuter on Oct 28, 2022.
             Killed from afar by a salamander tyrant (28 damage)
             ... on level 15 of the Dungeon on Oct 29, 2022.
             The game lasted 01:35:07 (26041 turns).

valliere the Tortoise (Demigod Transmuter)         Turns: 26041, Time: 01:35:07

Health: -12/126    AC: 29    Str: 37    XL:     15   Next: 56%
Magic:  37/37      EV: 16    Int: 19    God:
Gold:   575        SH:  0    Dex: 14    Spells: 17/25 levels left

rFire   + . .      SeeInvis .      - Unarmed
rCold   x . .      Faith    .    (no shield)
rNeg    . . .      Spirit   .    i - +10 plate armour of the Everdark {Int+4}
rPois   .          Reflect  .    (helmet currently unavailable)
rElec   +          Harm     .    c - +1 cloak of Starlight {*Dazzle EV+4 Stlth--}
rCorr   .          Rampage  .    (no gloves)
Will    +....                    (boots currently unavailable)
Stlth   ..........               O - amulet of magic regeneration
HPRegen 0.41/turn                r - +6 ring of strength
MPRegen 0.65/turn                q - ring "Arhuej" {Fire rElec MP+9 Stlth+}

@: appendages, weakened
A: horns 2, talons 2, high MP 1, forlorn, divine attributes, mutation resistance
1
a: End Transformation


You were on level 15 of the Dungeon.
You had temporarily grown beastly horns and talons.
You visited 3 branches of the dungeon, and saw 21 of its levels.
You also visited: Sewer, Gauntlet and Volcano.

You collected 1695 gold pieces.
You spent 1120 gold pieces at shops.

Inventory:

Armour
 c - the +1 cloak of Starlight (worn) {*Dazzle EV+4 Stlth--}
   (You found it on level 13 of the Dungeon)

   It may blind those who miss an attack against the wearer in melee combat.
   EV:        It affects your evasion (+4).
   Stlth:     It makes you much less stealthy.
 f - the +0 helmet "Neesen" (melded) {rF+ Int+3 Dex-5}
   (You acquired it on level 1 of the Dungeon)

   Int:       It affects your intelligence (+3).
   Dex:       It affects your dexterity (-5).
   rF:        It protects you from fire.
 i - the +10 plate armour of the Everdark (worn) {Int+4}
   (You acquired it on level 1 of the Dungeon)

   Int:       It affects your intelligence (+4).
 Z - a +0 pair of boots of stealth (melded)
Jewellery
 e - the ring "Rettuone" {Fire Int+7}
   (You acquired it on level 2 of the Dungeon)

   [ring of fire]

   It enhances your fire magic.
   Int:       It affects your intelligence (+7).
   rF:        It protects you from fire.
   rC:        It makes you vulnerable to cold.
 q - the ring "Arhuej" (right hand) {Fire rElec MP+9 Stlth+}
   (You found it in a Gauntlet)

   [ring of fire]

   It enhances your fire magic.
   rF:        It protects you from fire.
   rC:        It makes you vulnerable to cold.
   rElec:     It insulates you from electricity.
   MP:        It affects your magic capacity (+9).
   Stlth:     It makes you more stealthy.
 r - a +6 ring of strength (left hand)
 D - a +6 ring of dexterity
 O - an amulet of magic regeneration (around neck)
 P - a +4 ring of slaying
 X - a +6 ring of strength
Wands
 p - a wand of roots (11)
 u - a wand of paralysis (16)
 E - a wand of digging (12)
 J - a wand of mindburst (15)
 M - a wand of flame (43)
 Q - a wand of polymorph (25)
 S - a wand of light (9)
Scrolls
 d - 6 scrolls of amnesia
 g - 2 scrolls of fog
 j - 12 scrolls of teleportation
 m - a scroll of identify
 s - a scroll of brand weapon
 t - 7 scrolls of immolation
 w - 2 scrolls of magic mapping
 B - 3 scrolls of poison
 I - 2 scrolls of summoning {unknown}
 K - 2 scrolls of enchant armour
 L - a scroll of silence {unknown}
 R - 3 scrolls of enchant weapon
 T - 4 scrolls of fear
 U - 2 scrolls of torment {unknown}
Potions
 b - 6 potions of lignification
 h - 3 potions of berserk rage
 k - 4 potions of magic
 l - 3 potions of mutation
 n - 2 potions of heal wounds
 o - 5 potions of brilliance
 v - 3 potions of invisibility
 x - a potion of resistance {unknown}
 z - 4 potions of haste
 A - a potion of flight {unknown}
 F - a potion of ambrosia {unknown}
 H - 3 potions of might
 W - a potion of cancellation {unknown}
 Y - 4 potions of curing
Miscellaneous
 a - a phial of floods
 C - a tin of tremorstones (2/2)
 N - a lightning rod (4/4)


   Skills:
 + Level 9.8 Fighting
 * Level 15.4 Armour
 + Level 7.4 Dodging
 * Level 13.8 Unarmed Combat
 + Level 5.8 Spellcasting
 * Level 12.0 Transmutations
 - Level 5.3 Ice Magic
 - Level 5.4 Earth Magic


You had 17 spell levels left.
You knew the following spells:

 Your Spells              Type           Power      Damage    Failure   Level
a - Beastly Appendage     Tmut           100%       N/A       1%          1
b - Blade Hands           Tmut           25%        N/A       9%          5
c - Wereblood             Tmut           50%        N/A       1%          2

Your spell library contained the following spells:

 Spells                   Type           Power      Damage    Failure   Level
 Freeze                   Ice            100%       1d10      4%          1
 Spider Form              Tmut/Pois      28%        N/A       12%         3
 Ice Form                 Ice/Tmut       38%        N/A       13%         4
 Frozen Ramparts          Ice            50%        1d8       16%         3
 Ozocubu's Armour         Ice            25%        N/A       16%         3
 Ensorcelled Hibernation  Hex/Ice        30%        N/A       22%         2
 Apportation              Tloc           10%        N/A       41%         1
 Magic Dart               Conj           20%        1d4       41%         1
 Necrotise                Necr           20%        1d5       41%         1
 Slow                     Hex            20%        N/A       41%         1
 Summon Small Mammal      Summ           20%        N/A       41%         1
 Hailstorm                Conj/Ice       15%        3d5       41%         3
 Call Imp                 Summ           5%         N/A       56%         2
 Cigotuvi's Dreadful Rot  Necr/Pois/Air  10%        N/A       56%         2
 Confusing Touch          Hex            5%         N/A       80%         3
 Mephitic Cloud           Conj/Pois/Air  5%         N/A       80%         3
 Portal Projectile        Hex/Tloc       10%        N/A       80%         3
 Summon Guardian Golem    Hex/Summ       5%         N/A       80%         3
 Tukima's Dance           Hex            5%         N/A       80%         3
 Vampiric Draining        Necr           5%         2d6       80%         3
 Dispel Undead            Necr           5%         3d7       99%         4
 Eringya's Noxious Bog    Tmut/Pois      14%        N/A       99%         6
 Summon Forest            Summ/Tloc      2%         N/A       100%        5
 Death Channel            Necr           2%         N/A       100%        6
 Ozocubu's Refrigeration  Ice            12%        4d10      100%        7
 Spellforged Servitor     Conj/Summ      2%         N/A       100%        7
 Summon Hydra             Summ           2%         N/A       100%        7
 Shatter                  Erth           13%        3d13*     100%        9


Dungeon Overview and Level Annotations

Branches:
Dungeon (15/15)            Temple (0/1) D:5            Lair (5/5) D:8
  Swamp (0/4) Lair:2       Spider (0/4) Lair:3        Slime (0/5) Lair:4
    Orc (0/2) D:10         Vaults (0/5) D:13         Depths (1/4) D:15
  Sewer (visited)         Volcano (visited)         Gauntlet (visited)

Shops:
D:2 (   D:4 :   D:11 [   D:13 *

Portals:
Hell: Lair:5
Abyss: D:7
Pandemonium: Depths:1

Annotations:
D:4 exclusion: oklob plant
D:7 2 transporters, Iich's ghost, novice MiBe


Innate Abilities, Weirdness & Mutations

You have temporarily grown beastly horns and talons.
You have an increased reservoir of magic. (+10% MP)
You shall have no god before yourself.
Your divine heritage dramatically boosts your attributes as you level up.
You are somewhat resistant to further mutation.


Message History

The salamander tyrant attacks as you move away!
The salamander tyrant hits you but does no damage.
The fire dragon breathes flames at you.
The blast of flame hits the salamander tyrant.
The salamander tyrant completely resists.
The blast of flame hits you! You resist.
* * * LOW HITPOINT WARNING * * *
The salamander tyrant gazes fiercely through you!
You feel as though you will be weak longer.
The salamander tyrant attacks as you move away!
The salamander tyrant hits you but does no damage.
There is a staircase back to the Dungeon, spattered with blood here.
The salamander tyrant barely misses you.
The salamander tyrant is temporarily struck blind!
You climb upwards.
Welcome back to the Dungeon!
Reactivating autopickup.
There is a staircase to the Depths here.
You are too injured to fight recklessly!
Casting: Blade Hands (dangerous; 8% risk of failure)
Confirm with . or Enter, or press ? or * to list all spells.
You grow a pair of large bovine horns.
Your feet morph into talons.
The +0 helmet "Neesen" {rF+ Int+3 Dex-5} melds into your body.
Your +0 pair of boots of stealth melds into your body.
You feel less stealthy.
The salamander tyrant completely misses you.
You closely miss the salamander tyrant.
You claw the salamander tyrant, but do no damage.
You headbutt the salamander tyrant, but do no damage.
You punch the salamander tyrant!
The salamander tyrant is moderately wounded.
You pummel the salamander tyrant!! You headbutt the salamander tyrant.
The salamander tyrant is severely wounded.
The salamander tyrant hits you but does no damage.
You strike the helpless salamander tyrant from behind!
You hit the salamander tyrant but do no damage.
Your punch misses the salamander tyrant.
The salamander tyrant is severely wounded.
The salamander tyrant rends the earth beneath you!
The blast of magma engulfs you!! You partially resist.
You die...

....#.................#
............[.........#
......................#
.~~.......~~..........#
....#...<..~..........#
)...^.................#
....#####'####'########
##.######......###
#.##.......####@###
#.##.#####.##..≈N.##
#)##.......#.......#
#)#######..##.....## #.#
#...#..###...###### #.#
#.#.#..####.####..##
#.###......#....###....####
#.........##..###.......'.#
#####.......##.##..#....##.#


You could see a salamander tyrant (blind).

Vanquished Creatures
  Kirke (Lair:4)
  A fire giant (Depths:1)
  Louise (D:14)
  Azrael (D:15)
  4 spark wasps (Depths:1)
  A minotaur (Gauntlet)
  A dire elephant (Lair:5)
  An ettin (Depths:1)
  An entropy weaver (shapeshifter) (D:15)
  2 fire dragons (Depths:1)
  2 rakshasas
  A great orb of eyes (D:15)
  5 hydras
  4 vault guards (D:13)
  A hell beast (Depths:1)
  2 ogre magi (D:15)
  An ice dragon (Depths:1)
  A catoblepas (D:13)
  8 two-headed ogres
  A death knight (D:13)
  8 centaur warriors
  5 boulder beetles
  5 tengu warriors
  2 deep troll shamans (Depths:1)
  2 sun demons
  Urug (Lair:5)
  Nergalle (Lair:2)
  Sonja (D:12)
  An iron troll (Depths:1)
  Amaemon (D:8)
  3 wretched stars (D:13)
  A salamander mystic (Depths:1)
  A glowing orange brain (shapeshifter) (D:15)
  A deep troll (Depths:1)
  4 cherubim (D:13)
  2 deep elf pyromancers
  3 wizards
  Pikel (D:4)
  An orc knight (D:15)
  A phantasmal warrior (D:13)
  26 ugly things
  A moth of wrath (Gauntlet)
  5 cyclopes
  3 salamanders (Depths:1)
  2 black mambas
  3 manticores
  9 elephants
  Maurice (D:9)
  A smoke demon (Depths:1)
  A rust devil (Depths:1)
  A molten gargoyle (Volcano)
  An apocalypse crab (Gauntlet)
  Joseph (D:9)
  A gargoyle (D:10)
  3 orange demons
  2 unseen horrors
  11 cane toads
  Maggie (D:7)
  12 komodo dragons
  A yaktaur (shapeshifter) (D:13)
  6 rime drakes
  3 freezing wraiths
  A hellwing (Lair:5)
  2 red devils (Lair:5)
  An efreet (D:15)
  An ice devil (Lair:5)
  A troll (D:15)
  A polar bear (Lair:5)
  A hornet (D:9)
  A wolf spider simulacrum (D:14)
  12 slime creatures
  17 blink frogs
  5 wraiths
  Sigmund (D:2)
  7 shadows
  A water elemental (Depths:1)
  5 fire elementals
  2 vampires
  A wyvern (D:10)
  A ynoxinul (Depths:1)
  46 yaks
  A hog (Lair:4)
  Grum (D:8)
  2 redbacks (Lair:3)
  2 basilisks
  4 vampire mosquitoes (D:13)
  3 acid dragons
  Duvessa (D:6)
  14 water moccasins
  7 hell hounds
  6 orc warriors
  4 ice beasts
  A black bear (Lair:3)
  4 ogres (D:15)
  2 sky beasts
  15 centaurs
  19 wolves
  A phantom (D:6)
  6 kobold brigands
  12 bullfrogs
  2 gnoll sergeants
  A necrophage (D:5)
  Dowan (D:6)
  5 wights (D:8)
  A howler monkey (D:8)
  9 orc priests
  A hound (D:7)
  Jessica (D:2)
  A gnoll bouda (D:8)
  5 iguanas
  Natasha (thrice) (D:4)
  6 orc wizards
  A boggart simulacrum (D:14)
  14 gnolls
  8 adders
  A shadow imp (D:7)
  An ufetubus (D:5)
  A worm (D:2)
  3 dart slugs
  34 orcs
  2 bats
  10 endoplasms
  16 giant cockroaches
  5 goblins
  8 hobgoblins
  6 jackals
  28 kobolds
  13 quokkas
  16 ball pythons
  16 frilled lizards
  2 rats
613 creatures vanquished.

Vanquished Creatures (others)
  A centaur warrior (D:13)
  36 fungi
  90 plants
127 creatures vanquished.

Grand Total: 740 creatures vanquished

Notes
Turn   | Place    | Note
-------+----------+-------------------------------------------
     0 | D:1      | valliere the Demigod Transmuter began the quest for the
                  | Orb.
     0 | D:1      | Reached XP level 1. HP: 15/15 MP: 5/5
    70 | D:1      | Reached skill level 1 in Fighting
   142 | D:1      | Reached XP level 2. HP: 15/23 MP: 5/7
   156 | D:1      | Identified 3 scrolls of acquirement
   156 | D:1      | Acquired the +0 helmet "Neesen" {rF+ Int+3 Dex-5}
   485 | D:1      | Acquired the +10 plate armour of the Everdark {Int+4}
   651 | D:2      | Noticed Sigmund
   654 | D:2      | Acquired the ring "Rettuone" {Fire Int+7}
   678 | D:2      | Killed Sigmund
   679 | D:2      | Reached skill level 2 in Armour
   679 | D:2      | Reached XP level 3. HP: 8/29 MP: 8/8
   679 | D:2      | Reached XP level 4. HP: 10/36 MP: 9/9
   679 | D:2      | Reached XP level 5. HP: 11/41 MP: 10/10
   808 | D:2      | Identified the +0 scale mail of Duty {Int+3}
  1037 | D:2      | Noticed Jessica
  1051 | D:2      | Killed Jessica
  1063 | D:2      | Got Jessica's Papyrus of Beguiling
  1406 | D:2      | Found Nownom's Weapon Shop.
  2629 | D:4      | Noticed Natasha
  2648 | D:4      | Killed Natasha
  2729 | D:4      | Reached XP level 6. HP: 46/50 MP: 8/11
  2785 | D:4      | Reached skill level 3 in Armour
  2921 | D:4      | Found Paozumom's Self-Improvement Boutique.
  3075 | D:4      | Noticed Pikel
  3086 | D:4      | Killed Pikel
  3087 | D:4      | Reached skill level 4 in Armour
  3087 | D:4      | Reached skill level 5 in Unarmed Combat
  3087 | D:4      | Reached XP level 7. HP: 33/57 MP: 13/13
  3702 | D:4      | Noticed Natasha
  3710 | D:4      | Killed Natasha
  3786 | D:4      | Noticed an oklob plant
  4114 | D:4      | Noticed Natasha
  4124 | D:4      | Killed Natasha
  4137 | D:5      | Entered Level 5 of the Dungeon
  4146 | D:5      | Reached XP level 8. HP: 47/64 MP: 14/14
  4218 | D:5      | Found a staircase to the Ecumenical Temple.
  4422 | D:5      | Found a glowing drain.
  4435 | Sewer    | Entered a sewer
  4597 | Sewer    | Reached skill level 5 in Armour
  5634 | D:6      | Noticed Duvessa
  5634 | D:6      | Noticed Dowan
  5647 | D:6      | Killed Duvessa
  5657 | D:6      | Killed Dowan
  6094 | D:6      | Reached skill level 6 in Armour
  6128 | D:6      | Identified the +10 dagger "Qiasiol" {protect, rF+ Dex+3}
  6745 | D:7      | Noticed a rust devil
  6753 | D:7      | Reached XP level 9. HP: 72/72 MP: 13/15
  6755 | D:7      | Found a transporter.
  6767 | D:7      | Noticed an ancient zyme
  6806 | D:7      | Found a transporter.
  6831 | D:7      | Found a one-way gate to the infinite horrors of the Abyss.
  6854 | D:7      | Reached skill level 5 in Transmutations
  6855 | D:7      | Noticed Iich's ghost (novice MiBe)
  6926 | D:7      | Noticed Maggie
  6945 | D:7      | Killed Maggie
  7118 | D:7      | Noticed a komodo dragon
  7141 | D:7      | You fall into a shaft and drop 1 floor!
  7239 | D:8      | Found a staircase to the Lair.
  7240 | D:8      | Noticed a komodo dragon
  7259 | D:8      | Killed a komodo dragon
  7260 | D:8      | Reached skill level 5 in Fighting
  7260 | D:8      | Reached skill level 7 in Armour
  7779 | D:8      | Noticed Amaemon
  7784 | D:8      | Noticed an orange demon
  7790 | D:8      | Killed Amaemon
  7791 | D:8      | Reached skill level 1 in Ice Magic
  7791 | D:8      | Reached skill level 1 in Earth Magic
  7798 | D:8      | Killed an orange demon
  8072 | D:8      | Killed an unseen horror
  8073 | D:8      | Reached XP level 10. HP: 61/81 MP: 16/16
  8335 | D:8      | Noticed Grum
  8340 | D:8      | Killed Grum
  8510 | Lair:1   | Entered Level 1 of the Lair of Beasts
  8557 | Lair:1   | Reached skill level 8 in Armour
  9608 | Lair:2   | Noticed Nergalle
  9632 | Lair:2   | Killed Nergalle
  9865 | Lair:2   | Noticed a black mamba
  9874 | Lair:2   | Reached XP level 11. HP: 82/89 MP: 17/17
 10128 | Lair:2   | Reached skill level 9 in Armour
 10440 | Lair:2   | Noticed a six-headed hydra
 10458 | Lair:2   | Killed a six-headed hydra
 10539 | Lair:2   | Found a staircase to the Swamp.
 10558 | Lair:2   | Reached skill level 10 in Unarmed Combat
 11080 | Lair:3   | Learned a level 5 spell: Blade Hands
 11650 | Lair:3   | Found a hole to the Spider Nest.
 12221 | Lair:4   | Found a dark tunnel.
 12250 | Volcano  | Entered a volcano
 12772 | Lair:4   | Reached XP level 12. HP: 75/100 MP: 18/18
 12784 | Lair:4   | Reached skill level 10 in Armour
 13121 | Lair:4   | Found a staircase to the Slime Pits.
 13685 | Lair:5   | Entered Level 5 of the Lair of Beasts
 13690 | Lair:5   | Noticed Kirke
 13833 | Lair:4   | Noticed a sphinx
 13839 | Lair:4   | Killed Kirke
 13840 | Lair:4   | Reached skill level 5 in Earth Magic
 14234 | Lair:5   | Reached skill level 5 in Ice Magic
 14537 | Lair:5   | Noticed Urug
 14554 | Lair:5   | Killed Urug
 14782 | Lair:5   | Noticed a dire elephant
 14795 | Lair:5   | Killed a dire elephant
 15340 | Lair:5   | Gained mutation: You occasionally lose the ability to read
                  | scrolls when taking damage. [mutagenic glow]
 15387 | Lair:5   | Reached XP level 13. HP: 66/107 MP: 20/20
 15849 | Lair:5   | Found a gateway to Hell.
 16153 | D:4      | Bought a manual of Armour for 1120 gold pieces
 16526 | D:9      | Noticed Maurice
 16588 | D:9      | Killed Maurice
 16589 | D:9      | Reached skill level 11 in Armour
 16691 | D:9      | Noticed Joseph
 16698 | D:9      | Killed Joseph
 17049 | D:9      | Got the Quarto of the Unified Quarry
 17192 | D:9      | Identified the +4 whip of Xyoraigu {drain, rN+}
 17262 | D:9      | Gained mutation: You are weak. (Str -2) [mutagenic glow]
 17355 | D:9      | Reached skill level 5 in Dodging
 17607 | D:10     | Entered Level 10 of the Dungeon
 17796 | D:10     | Learned a level 2 spell: Wereblood
 18137 | D:10     | Found a staircase to the Orcish Mines.
 18493 | D:11     | Found a gate leading to a gauntlet.
 18502 | Gauntlet | Entered a Gauntlet
 18502 | Gauntlet | Found a transporter.
 18509 | Gauntlet | Found a transporter.
 18511 | Gauntlet | Found a transporter.
 18516 | Gauntlet | Found a runed translucent door.
 18516 | Gauntlet | Found a runed translucent door.
 18521 | Gauntlet | Found a transporter.
 18524 | Gauntlet | Found a transporter.
 18534 | Gauntlet | Found a transporter.
 18550 | Gauntlet | Found a transporter.
 18560 | Gauntlet | Found a transporter.
 18570 | Gauntlet | Found a transporter.
 18574 | Gauntlet | Found a transporter.
 18574 | Gauntlet | Found a transporter.
 18576 | Gauntlet | Found a transporter.
 18578 | Gauntlet | Found a runed translucent gate.
 18578 | Gauntlet | Found a runed translucent gate.
 18578 | Gauntlet | Found a runed translucent gate.
 18610 | Gauntlet | Found a transporter.
 18666 | Gauntlet | Found a transporter.
 18875 | Gauntlet | Identified the ring "Arhuej" {Fire rElec MP+9 Stlth+}
 18905 | Gauntlet | Noticed a minotaur
 18914 | Gauntlet | Killed a minotaur
 18918 | Gauntlet | Found the +3 hat of Pondering {ponderous, Will+ MP+10
                  | Int+5}
 18922 | Gauntlet | Identified the +2 war axe of the Puckish God {freeze, *Rage
                  | rElec rPois}
 18922 | Gauntlet | Identified the +7 sling "Xyceo" {speed, Fly}
 18927 | Gauntlet | Gained mutation: You are dopey. (Int -2) [mutagenic glow]
 19120 | D:11     | Identified the +3 long sword "Tetuoh" {holy, SInv}
 19313 | D:11     | Gained mutation: You are somewhat resistant to further
                  | mutation. [mutagenic glow]
 19314 | D:11     | Reached skill level 12 in Armour
 19473 | D:11     | Found Suepn's Armour Shop.
 20120 | D:12     | Noticed Sonja
 20126 | D:12     | Killed Sonja
 20712 | D:13     | Found Tem Roem's Demolitions Depot.
 21059 | D:13     | Reached skill level 10 in Transmutations
 21394 | D:13     | Reached XP level 14. HP: 64/116 MP: 23/23
 21425 | D:13     | Found the +1 cloak of Starlight {*Dazzle EV+4 Stlth--}
 21435 | D:13     | HP: 4/92 [cherub/+2 flail of flaming (4)]
 21748 | D:13     | Lost mutation: You are weak. (Str -2) [potion of mutation]
 21748 | D:13     | Lost mutation: You are dopey. (Int -2) [potion of mutation]
 21748 | D:13     | Lost mutation: You occasionally lose the ability to read
                  | scrolls when taking damage. [potion of mutation]
 21831 | D:13     | Found a gate to the Vaults.
 21846 | D:13     | Reached skill level 13 in Armour
 22790 | D:14     | Identified the +2 leather armour "Hoaff" {rElec Str-5
                  | Slay+3 SInv}
 22986 | D:14     | Noticed Louise
 23001 | D:14     | Killed Louise
 23590 | D:14     | Reached skill level 14 in Armour
 24113 | D:15     | Entered Level 15 of the Dungeon
 24161 | D:15     | Reached skill level 5 in Spellcasting
 24314 | D:15     | Found a staircase to the Depths.
 24500 | D:15     | Reached XP level 15. HP: 125/125 MP: 27/27
 24686 | D:15     | Paralysed by an ogre mage for 3 turns
 24796 | D:15     | Noticed Azrael
 24804 | D:15     | Killed Azrael
 25302 | Depths:1 | Entered Level 1 of the Depths
 25337 | Depths:1 | Reached skill level 15 in Armour
 25349 | Depths:1 | Found a one-way gate leading to the halls of Pandemonium.
 25377 | Depths:1 | Noticed a fire giant
 25389 | Depths:1 | Killed a fire giant
 26041 | D:15     | Killed from afar by a salamander tyrant

Illustrated notes

Levels and vault maps discovered:
D:1:      minmay_arrival_three_doors, layout_rooms, minmay_lizard_king
D:2:      layout_loops_corners, serial_shops, nicolae_diamond_shop,
          kennysheep_jessica_study, uniq_sigmund
D:3:      layout_loops_ring, lemuel_tele_altar, uniq_jessica
D:4:      cheibrodos_thug_alley, layout_loops_ring,
          grunt_temple_overflow_opulence, tgw_fedhas, nicolae_shop_self_help,
          uniq_natasha, uniq_pikel
D:5:      layout_loops_ring, tso_altar, nicolae_overflow_hidden_temple,
          minmay_temple_entry_enclosed_plants, portal_sewer_entry_f,
          serial_bayou_pond_d
D:6:      layout_cave_pods, bloody_trog, hangedman_abyss_or_decor_stagger,
          uniq_duvessa
D:7:      layout_basic, kennysheep_ying_yang, gammafunk_ghost_abyssal_escape,
          uniq_maggie
D:8:      layout_cave_pods, nicolae_ru_sacrificial_ziggurat,
          david_lair_shrubbed, dk_noncrumbling_3, minmay_circle_x, uniq_amaemon,
          uniq_grum
D:9:      layout_roguey, vehumet_altar_wand_db, minmay_diamond_spiral,
          uniq_joseph, uniq_maurice
D:10:     layout_cave_pools, minitemple, david_orc_4, chequers_decorated_corner,
          statue_in_the_mist_lemuel
D:11:     layout_irregular_city, serial_shops, shop, gauntlet_entry_generic
D:12:     layout_cave_pools, corexii_corridor_pit, uniq_sonja
D:13:     layout_loops_cross, lightli_vaults_fourway_checkpoint,
          nicolae_blasting_shop, kennysheep_crisscross,
          hellmonk_guarded_unrand_starlight
D:14:     layout_cave_pools, hellmonk_bongcloud_opening, grunt_tough_drop,
          uniq_louise
D:15:     gammafunk_enter_depths_forms, layout_basic, grunt_decor_clamped,
          grunt_ministairs_2, nemelex_diamond_rough_becter, uniq_azrael
Lair:1:   layout_regular_city
Lair:2:   layout_cave_shapes, swamp_mist, grunt_megastairs_1,
          lemuel_fruit_fields, uniq_nergalle
Lair:3:   layout_hall_layers, spider_nest_entry_webs
Lair:4:   layout_gridlike, slime_entry_1, nicolae_volcano_entry_lava_flow
Lair:5:   evil_forest, layout_cave_pods, nicolae_lair_lil_pond, uniq_kirke,
          uniq_urug
Depths:1: abrahamwl_protected_by_tso_1, layout_basic, minmay_misc_feat_pillars,
          rand_demon_pan_entry_8, hell_entry, serial_bayou_lagoon_b

Skill      XL: |  1  2  3  4  5  6  7  8  9 10 11 12 13 14 15 |
---------------+----------------------------------------------+-----
Fighting       | 1 2 3 4 5 6 7 8 9 |  9.8
Dodging        | 2 3 4 5 6 7 |  7.4
Transmutations | 2 3 4 5 6 7 8 10 11 12 | 12.0
Spellcasting   | 2 3 5 |  5.8
Unarmed Combat | 3 4 5 7 8 9 10 11 12 13 | 13.8
Armour         | 2 4 6 7 8 9 10 12 14 15 | 15.4
Ice Magic      | 1 3 4 5 |  5.3
Earth Magic    | 1 3 4 5 |  5.4

Action                   |  1- 3 |  4- 6 |  7- 9 | 10-12 | 13-15 || total
-------------------------+-------+-------+-------+-------+-------++-------
Melee: Unarmed           |   115 |   202 |   431 |   555 |   843 ||  2146
       Kick              |     9 |    16 |   107 |   160 |    65 ||   357
       Headbutt          |     6 |     7 |    66 |   114 |    40 ||   233
       Punch             |     1 |     6 |     3 |    54 |    84 ||   148
 Cast: Beastly Appendage |    15 |     9 |    61 |    69 |    32 ||   186
       Blade Hands       |       |       |       |     3 |    58 ||    61
       Wereblood         |       |       |       |       |     4 ||     4
  Use: Scroll            |     3 |     3 |     1 |     5 |    13 ||    25
       Potion            |     1 |       |       |     4 |     3 ||     8
 Stab: Invisible         |       |       |       |       |     8 ||     8
Armor: Robe              |    15 |       |       |       |       ||    15
       Plate armour      |    24 |   136 |   261 |   362 |   562 ||  1345
Dodge: Dodged            |    53 |    43 |   122 |   215 |   455 ||   888

Table legend: (Time is in decaauts)
 A = Elapsed time spent in this place.
 B = Non-inter-level travel time spent in this place.
 C = Inter-level travel time spent in this place.
 D = Time resting spent in this place.
 E = Time spent auto-exploring this place.
 F = Levels seen in this place.
 G = Mean time per level.
                   A        B        C        D        E       F      G
               +--------+--------+--------+--------+--------+-----+--------+
         Total |  25854 |  24662 |   1192 |   1873 |  18192 |  24 | 1077.2 |
       Dungeon |  16760 |  15905 |    855 |   1345 |  11748 |  15 | 1117.3 |
          Lair |   7154 |   6818 |    336 |    505 |   5260 |   5 | 1430.8 |
        Depths |    469 |    469 |      0 |      0 |    232 |   1 |  469.0 |
         Sewer |    515 |    515 |      0 |      0 |    302 |   1 |  515.0 |
       Volcano |    382 |    382 |      0 |      0 |    283 |   1 |  382.0 |
      Gauntlet |    572 |    572 |      0 |     23 |    365 |   1 |  572.0 |
               +--------+--------+--------+--------+--------+-----+--------+

Top non-repeatable levels by time:
  Lair:5: 1824 daAuts
    D:13: 1817 daAuts
  Lair:4: 1626 daAuts
     D:8: 1561 daAuts
     D:4: 1542 daAuts
    D:15: 1409 daAuts
    D:14: 1325 daAuts
  Lair:1: 1288 daAuts
     D:2: 1225 daAuts
  Lair:3: 1207 daAuts
  Lair:2: 1207 daAuts
     D:6: 1204 daAuts
    D:11: 1077 daAuts
     D:5: 1057 daAuts
     D:9: 1019 daAuts
